 Dungeon Crawl Stone Soup version 0.23-a0-703-gdf2d5e0 (console) character file.

72 bli the Chopper (level 4, -6/35 HPs)
             Began as a Formicid Abyssal Knight on Jan 13, 2019.
             Was a Follower of Lugonu.
             Killed by nerve-wracking pain
             ... invoked by Grinder
              (9 damage)
             ... on level 3 of the Dungeon.
             The game lasted 00:06:39 (2321 turns).

bli the Chopper (Formicid Abyssal Knight)           Turns: 2321, Time: 00:06:39

Health: -6/35      AC:  3    Str: 18    XL:     4   Next: 50%
Magic:  5/5        EV: 11    Int: 11    God:    Lugonu [*.....]
Gold:   111        SH:  0    Dex: 10    Spells: 3/3 levels left

rFire    . . .     SeeInvis +   a - +1 hand axe
rCold    . . .     Gourm    .   (no shield)
rNeg     . . .     Faith    .   t - +0 leather armour (curse)
rPois    .         Spirit   .   (helmet unavailable)
rElec    .         Reflect  .   (no cloak)
rCorr    .         Harm     .   (no gloves)
MR       .....                  (no boots)
Stlth    +.........             o - amulet of magic regeneration
HPRegen  0.11/turn              (no ring)
MPRegen  0.34/turn              (no ring)

@: no status effects
A: permanent stasis, dig shafts and tunnels, four strong arms, antennae 3
a: Dig, Shaft Self, Depart the Abyss, Renounce Religion


You were on level 3 of the Dungeon.
You worshipped Lugonu.
Lugonu was aware of your devotion.
You were not hungry.

You visited 1 branch of the dungeon, and saw 3 of its levels.
You visited the Abyss 1 time.

You collected 111 gold pieces.

Inventory:

Hand Weapons
 a - a +1 hand axe (weapon)
 b - a +0 hunting sling
 j - a +0 whip
 n - a +0 mace
 q - a +0 spear
 r - a +0 war axe
Missiles
 f - a throwing net
 k - 24 sling bullets
 l - 43 stones (quivered)
Armour
 d - a +0 leather armour
 p - a +0 ring mail
 t - a cursed +0 leather armour (worn)
Jewellery
 o - an amulet of magic regeneration (around neck)
Scrolls
 e - 7 scrolls of identify {unknown}
 g - 4 scrolls of remove curse {unknown}
 i - a scroll of magic mapping {unknown}
 s - a scroll of noise {unknown}
Potions
 h - a potion of ambrosia {unknown}
 m - 3 potions of heal wounds {unknown}
 u - a potion of might {unknown}
Comestibles
 c - 4 rations


   Skills:
 - Level 3.2 Fighting
 * Level 4.3 Axes
 - Level 2.1 Armour
 + Level 1.1 Dodging
 - Level 2.1 Invocations


You had 3 spell levels left.
You didn't know any spells.
Your spell library was empty.

Dungeon Overview and Level Annotations

Branches:
Dungeon (3/15)

Altars:
Dithmenos

Annotations:
D:3 Grinder


Innate Abilities, Weirdness & Mutations

You cannot be hasted, slowed, berserked, paralysed or teleported.
You can dig through walls and to a lower floor.
Your four strong arms can wield two-handed weapons with a shield.
You have a pair of large antennae on your head. (SInv)


Message History

Press: ? - help, Shift-Dir - straight line, f - Grinder
Aim: Grinder (moderately wounded)
You throw a stone. The stone barely misses Grinder.
Grinder gestures at you. Pain shoots through your body!
Throwing (i - inventory. (/) - cycle)
l - 44 stones (quivered)
Press: ? - help, Shift-Dir - straight line, f/p - Grinder
Aim: Grinder (moderately wounded)
You throw a stone.
The stone hits Grinder but does no damage.
Grinder is moderately wounded.
Grinder hits you.
* * * LOW HITPOINT WARNING * * *
You writhe in agony.
* * * LOW HITPOINT WARNING * * *
You barely miss Grinder.
Grinder is moderately wounded.
Grinder gestures at you. Pain shoots through your body!
You die...

#.# .# ####.####.##
......(....
#........ #....... #
# #...(.# #.
#.##..5..##..# ..
#.....@......#
#.#####..#..###.#
##.#....†..###.....
#...........#.......
##..%###.##....#####
##..###.##.#..#
#....÷.......#
#.####.##)##.# #.
#.##.##.# #.
#......[# #.
####.####


You could see Grinder.

Vanquished Creatures
  3 adders
  A worm (D:2)
  2 dart slugs (D:2)
  A leopard gecko (D:3)
  An orc (D:3)
  A giant cockroach (D:2)
  6 goblins
  6 hobgoblins
  4 bats
  3 frilled lizards
  6 kobolds
  4 rats
38 creatures vanquished.

Notes
Turn   | Place    | Note
-------+----------+-------------------------------------------
     0 | Abyss:1  | bli the Formicid Abyssal Knight began the quest for the
                  | Orb.
     0 | Abyss:1  | Reached XP level 1. HP: 18/18 MP: 2/2
   103 | Abyss:1  | Noticed a raiju
   134 | Abyss:1  | Noticed an earth elemental
   150 | Abyss:1  | Noticed a deep elf elementalist
   151 | Abyss:1  | Noticed an earth elemental
   152 | Abyss:1  | Noticed an earth elemental
   158 | Abyss:1  | Noticed an earth elemental
   162 | Abyss:1  | Noticed an earth elemental
   162 | Abyss:1  | Noticed a large abomination
   163 | D:1      | Escaped the Abyss
   438 | D:1      | Reached XP level 2. HP: 24/24 MP: 3/3
   488 | D:1      | Reached * piety under Lugonu
   855 | D:2      | Reached skill level 3 in Axes
  1015 | D:2      | Reached XP level 3. HP: 29/29 MP: 4/4
  1294 | D:2      | Found a shadowy altar of Dithmenos.
  1736 | D:2      | Reached skill level 1 in Dodging
  1941 | D:2      | Reached skill level 4 in Axes
  1941 | D:2      | Reached XP level 4. HP: 35/35 MP: 5/5
  2300 | D:3      | Noticed Grinder
  2321 | D:3      | Killed from afar by Grinder

Vault maps used:
D:1:      roderic_crop_circles_arrival_small, corner_web_ring,
          minmay_misc_feat_tower
D:2:      grunt_dithmenos_smoke_and_mirrors
D:3:      ebering_ghost_gozag, uniq_grinder

Skill      XL: |  1  2  3 |
---------------+----------+-----
Axes           | 3 4 |  4.3
Dodging        | 1 |  1.1
Fighting       | |  3.2
Armour         | |  2.1
Invocations    | |  2.1

Action                   |  1- 3 |  4- 6 || total
-------------------------+-------+-------++-------
Melee: Hand axe          |   103 |    30 ||   133
Throw: Stone             |     2 |     2 ||     4
Invok: Depart the Abyss  |     1 |       ||     1
 Abil: Dig               |     2 |       ||     2
  Eat: Chunk             |     3 |     2 ||     5
Armor: Leather armour    |    15 |     6 ||    21
       Ring mail         |    36 |       ||    36
Dodge: Dodged            |    83 |    11 ||    94

Table legend:
 A = Non-vault XP
 B = Vault XP
 C = Vault XP percentage of total XP
 D = Non-vault monster count
 E = Vault monster count
 F = Vault count percentage of total count
                 A         B        C        D         E       F
            +---------+---------+-------+---------+---------+-------
      Total |     104 |       0 |   0.0 |      38 |       0 |   0.0
            +---------+---------+-------+---------+---------+-------
        D:1 |      18 |       0 |   0.0 |      12 |       0 |   0.0
        D:2 |      64 |       0 |   0.0 |      20 |       0 |   0.0
        D:3 |      22 |       0 |   0.0 |       6 |       0 |   0.0
            +---------+---------+-------+---------+---------+-------
